 Dungeon Crawl Stone Soup version 0.29.1-2-gbd0b4ee654 (webtiles) character file.

Game seed: 16978778354774538206

261 Anriel the Ducker (level 5, -5/41 HPs)
             Began as a Demonspawn Monk on Oct 28, 2022.
             Killed by divine providence
             ... invoked by an orc priest
              (15 damage)
             ... on level 3 of the Dungeon.
             The game lasted 00:15:02 (2621 turns).

Anriel the Ducker (Demonspawn Monk)                 Turns: 2621, Time: 00:15:03

Health: -5/41      AC:  8    Str: 13    XL:     5   Next: 96%
Magic:  5/5        EV: 13    Int: 12    God:
Gold:   248        SH:  0    Dex: 15    Spells: 4/4 levels left

rFire   . . .      SeeInvis .     - Unarmed
rCold   . . .      Faith    .   (no shield)
rNeg    . . .      Spirit   .   a - +1 robe
rPois   .          Reflect  .   (helmet restricted)
rElec   .          Harm     .   (no cloak)
rCorr   .          Rampage  .   h - +2 pair of gloves
Will    .....                   (no boots)
Stlth   ++........              (no amulet)
HPRegen 0.13/turn               (no ring)
MPRegen 0.09/turn               (no ring)

@: attractive
A: horns 1, yellow scales 1, demonic magic 1
a: no special abilities


You were on level 3 of the Dungeon.
You visited 1 branch of the dungeon, and saw 3 of its levels.

You collected 248 gold pieces.

Inventory:

Hand Weapons
 c - a +0 sling
 g - a +2 hand axe of freezing
Armour
 a - a +1 robe (worn)
 h - a +2 pair of gloves (worn)
Magical Staves
 k - a staff of conjuration
Scrolls
 f - a scroll of fog {unknown}
Potions
 b - a potion of flight {unknown}
 d - 2 potions of mutation
 e - a potion of berserk rage {unknown}
 i - a potion of curing
 j - 2 potions of attraction
 l - 2 potions of resistance {unknown}


   Skills:
 + Level 3.6 Fighting
 + Level 1.7 Ranged Weapons
 * Level 4.2 Dodging
 + Level 2.3 Stealth
 + Level 4.0 Unarmed Combat


You had 4 spell levels left.
You didn't know any spells.
Your spell library contained the following spells:

 Spells                   Type           Power      Damage    Failure   Level
 Summon Forest            Summ/Tloc      0%         N/A       100%        5
 Eringya's Noxious Bog    Tmut/Pois      0%         N/A       100%        6
 Summon Hydra             Summ           0%         N/A       100%        7


Dungeon Overview and Level Annotations

Branches:
Dungeon (3/15)

Altars:


Innate Abilities, Weirdness & Mutations

You have a pair of small horns on your head.
You are partially covered in yellow scales. (AC +2)
Spells you cast may paralyse adjacent enemies.


Message History

A magic dart appears from out of thin air!
The magic dart hits you! The orc hits you but does no damage.
You miss something. Something hits you.
* * * LOW HITPOINT WARNING * * *
The orc barely misses you.
You hit something.
Reactivating autopickup.
You feel a bit more experienced. The orc closely misses you.
The orc is attracted toward you.
You closely miss the orc. You headbutt the orc, but do no damage.
The orc misses you.
You hit the orc but do no damage. Your headbutt misses the orc.
The orc closely misses you.
You hit the orc but do no damage. The orc barely misses you.
You closely miss the orc. You headbutt the orc, but do no damage.
The orc hits you with a +0 trident.
* * * LOW HITPOINT WARNING * * *
You hit the orc but do no damage. You headbutt the orc.
The orc is moderately wounded.
The orc hits you with a +0 trident.
* * * LOW HITPOINT WARNING * * *
The orc priest begins to cast a cantrip, but forgets the words!
You closely miss the orc.
The orc is moderately wounded.
The orc hits you but does no damage.
You hit the orc but do no damage.
The orc is moderately wounded.
The orc barely misses you.
You hit the orc.
The orc is heavily wounded.
The orc misses you.
You hit the orc but do no damage.
The orc is heavily wounded.
The orc closely misses you.
You closely miss the orc.
The orc is heavily wounded.
The orc barely misses you.
The orc priest mumbles some strange prayers to Beogh against you.
Beogh smites you!
You die...

....... #........
#........ .
###..<..... #...
#...o.... #... #.
.... #... #)##.#
#...
#.@oo###########...
####...............
#...............
#...............
#...............
#############...
#... #... #...


You could see an orc priest and an orc.

Vanquished Creatures
  An ice beast (D:2)
  2 orc wizards (D:3)
  3 gnolls (D:2)
  3 adders
  A dart slug (D:1)
  5 orcs (D:3)
  4 endoplasms (D:2)
  6 goblins
  7 hobgoblins
  6 jackals
  3 quokkas
  4 ball pythons (D:1)
  5 bats
  4 frilled lizards
  2 kobolds
  2 rats (D:1)
58 creatures vanquished.

Notes
Turn   | Place    | Note
-------+----------+-------------------------------------------
     0 | D:1      | Anriel the Demonspawn Monk began the quest for the Orb.
     0 | D:1      | Reached XP level 1. HP: 18/18 MP: 1/1
   333 | D:1      | Found a faded altar of an unknown god.
   444 | D:1      | Gained mutation: Spells you cast may paralyse adjacent
                  | enemies. [demonic ancestry]
   444 | D:1      | Reached XP level 2. HP: 22/24 MP: 2/2
   728 | D:1      | You fall into a shaft and drop 1 floor!
   938 | D:2      | Gained mutation: You have a pair of small horns on your
                  | head. [demonic ancestry]
   938 | D:2      | Reached XP level 3. HP: 11/29 MP: 3/3
  1394 | D:2      | Gained mutation: You are partially covered in yellow
                  | scales. (AC +2) [demonic ancestry]
  1394 | D:2      | Reached XP level 4. HP: 8/35 MP: 4/4
  2120 | D:3      | Noticed an ice beast
  2183 | D:2      | Killed an ice beast
  2184 | D:2      | Reached skill level 1 in Ranged Weapons
  2184 | D:2      | Reached XP level 5. HP: 40/41 MP: 5/5
  2621 | D:3      | Killed from afar by an orc priest

Illustrated notes

Levels and vault maps discovered:
D:1:      giann_bridges, layout_rooms, chequers_ecumenical_altar_island
D:2:      layout_loops_ring, nicolae_figureground_sparkle
D:3:      layout_basic, gammafunk_temple_overflow_wave

Skill      XL: |  1  2  3  4  5 |
---------------+----------------+-----
Unarmed Combat | 3 4 |  4.0
Dodging        | 3 4 |  4.2
Stealth        | 2 |  2.3
Ranged Weapons | 1 |  1.7
Fighting       | |  3.6

Action                   |  1- 3 |  4- 6 || total
-------------------------+-------+-------++-------
Melee: Unarmed           |   124 |   104 ||   228
       Punch             |     4 |     5 ||     9
       Headbutt          |     4 |    18 ||    22
 Fire: Sling             |    16 |    24 ||    40
Throw: Throwing net      |     1 |     1 ||     2
  Use: Potion            |     2 |     4 ||     6
       Scroll            |     4 |     1 ||     5
 Stab: Sleeping          |     2 |       ||     2
       Invisible         |     2 |       ||     2
       Distracted        |       |     1 ||     1
Armor: Robe              |    20 |    65 ||    85
Dodge: Dodged            |    73 |    99 ||   172
